 Dungeon Crawl Stone Soup version 0.28.0 (webtiles) character file.

Game seed: 9803738526240624386

9 RighteousDevil the Skirmisher (level 2, -1/28 HPs)
             Began as a Naga Fighter on Feb 15, 2022.
             Slain by a gnoll (10 damage)
             ... on level 2 of the Dungeon.
             The game lasted 00:00:28 (294 turns).

RighteousDevil the Skirmisher (Naga Fighter)         Turns: 294, Time: 00:00:29

Health: -1/28      AC:  4    Str: 18    XL:     2   Next: 12%
Magic:  2/2        EV:  7    Int:  8    God:
Gold:   53         SH:  4    Dex: 10    Spells: 1/1 levels left

rFire   . . .      SeeInvis +   a - +0 trident
rCold   . . .      Faith    .   c - +0 buckler
rNeg    . . .      Spirit   .   b - +0 scale mail
rPois   +          Reflect  .   (no helmet)
rElec   .          Harm     .   (no cloak)
rCorr   .          Rampage  .   (no gloves)
Will    .....                   (no barding)
Stlth   ..........              (no amulet)
HPRegen 0.09/turn               (no ring)
MPRegen 0.08/turn               (no ring)

@: very slow
A: AC +0, large, see invisible, deformed body, poison resistance, slowness 2,
spit poison 1, naga tail 1
a: Spit Poison


You were on level 2 of the Dungeon.
You visited 1 branch of the dungeon, and saw 2 of its levels.

You collected 53 gold pieces.

Inventory:

Hand Weapons
 a - a +0 trident (weapon)
Armour
 b - a +0 scale mail (worn)
 c - a +0 buckler (worn)
Scrolls
 f - 3 scrolls of brand weapon {unknown}
Potions
 d - a potion of might
 e - a potion of curing {unknown}


   Skills:
 + Level 3.3 Fighting
 + Level 2.4 Polearms
 - Level 2.4 Armour
 - Level 2.4 Shields


You had one spell level left.
You didn't know any spells.
Your spell library was empty.

Dungeon Overview and Level Annotations

Branches:
Dungeon (1/15)

Altars:


Innate Abilities, Weirdness & Mutations

Your serpentine skin is tough. (AC +0)
You have supernaturally acute eyesight. (SInv)
Armour fits poorly on your strangely shaped body.
Your system is resistant to poisons. (rPois)
You cover ground very slowly.
You can spit poison.
You have a snake-like lower body.


Message History

You kill the hobgoblin!
You have reached level 2!
You hit the kobold.
The kobold is severely wounded.
The kobold hits you with a +0 dagger.
You hit the kobold.
You kill the kobold!
No target in view!
No target in view!
Things that are here:
a +0 dagger; a stone; a kobold corpse You now have 48 gold pieces (gained 16).
Key pressed, stopping explore.
You now have 53 gold pieces (gained 5).
A sourceless malevolence fills the Dungeon...
You fall into a shaft and drop 1 floor!
The shaft crumbles and collapses.
A rat and a gnoll come into view.
The gnoll shouts!
Found a hand axe.
A gnoll comes into view. It is wielding a +0 flail.
The gnoll shouts!
You reach to attack!
You hit the rat.
You kill the rat!
You barely miss the gnoll. The gnoll hits you with a +0 flail.
You puncture the gnoll!
The gnoll is heavily wounded.
The gnoll barely misses you.
The gnoll hits you from afar with a +4 halberd!
You are too injured to fight recklessly!
You are too injured to fight recklessly!
You are too injured to fight recklessly!
You hit the gnoll.
The gnoll is almost dead.
The gnoll hits you with a +0 flail. The gnoll barely misses you. x2
The gnoll closely misses you.
You puncture the gnoll!
You kill the gnoll!
The gnoll hits you from afar with a +4 halberd!
You die...

#.#######
#.g)@...#
#######.#
#)# #.#
#.# #.#
..# ###


You could see a gnoll.

Vanquished Creatures
  A gnoll (D:2)
  A bat (D:1)
  A goblin (D:1)
  2 hobgoblins (D:1)
  A kobold (D:1)
  3 rats
9 creatures vanquished.

Notes
Turn   | Place    | Note
-------+----------+-------------------------------------------
     0 | D:1      | RighteousDevil the Naga Fighter began the quest for the
                  | Orb.
     0 | D:1      | Reached XP level 1. HP: 21/21 MP: 1/1
   195 | D:1      | Reached XP level 2. HP: 27/28 MP: 2/2
   286 | D:1      | You fall into a shaft and drop 1 floor!
   294 | D:2      | Slain by a gnoll

Illustrated notes

Levels and vault maps discovered:
D:1:      minmay_arrival_split_and_join, layout_rooms, serial_shops,
          nicolae_shop_advertising_works [nicolae_subvault_shop_adworks],
          serial_bayou_pond_a, ebering_dispersal_statue_hall, nrook_campfire,
          minmay_tromino_v4_b
D:2:      layout_loops_ring, st_stairs_5, uniq_sigmund

Action                   || total
-------------------------++-------
Melee: Trident           ||    28
Armor: Scale mail        ||     8
Dodge: Dodged            ||     8
Block: Buckler           ||     3
